 Dungeon Crawl Stone Soup version 0.18-a0-1774-gce1f7b6 (webtiles) character file.

32 epen the Slasher (level 3, 0/32 HPs)
             Began as a Naga Gladiator on Apr 15, 2016.
             Slain by a gnoll
             ... wielding a +0 halberd
              (9 damage)
             ... on level 2 of the Dungeon.
             The game lasted 00:01:57 (1170 turns).

epen the Slasher (Naga Gladiator)                   Turns: 1170, Time: 00:01:58

Health: 0/32       AC:  5    Str: 18    XL:     3   Next: 25%
Magic:  3/3        EV:  9    Int:  8    God:
Gold:   31         SH:  0    Dex: 11    Spells: 0 memorised, 2 levels left

rFire  . . .     SeeInvis +     a - +0 long sword
rCold  . . .     Gourm    .     p - +0 ring mail
rNeg   + . .     Faith    .     (no shield)
rPois  +         Spirit   .     c - +0 helmet
rElec  .         Dismiss  .     (no cloak)
rCorr  .         Reflect  .     m - +0 pair of gloves
SustAt .         Harm     .     (no barding)
MR     .....                    (no amulet)
Stlth  ..........               j - ring of positive energy
                                g - ring of loudness (curse)

@: short of breath, very slow, not resistant to hostile enchantments, extremely
unstealthy
A: see invisible, deformed body, poison resistance, slowness 2, slow metabolism
1, spit poison 2, AC +1
a: Spit Poison


You were on level 2 of the Dungeon.
You were not hungry.

You visited 1 branch of the dungeon, and saw 2 of its levels.

You collected 31 gold pieces.

Inventory:

Hand Weapons
 a - a +0 long sword (weapon)
Missiles
 d - 3 throwing nets (quivered)
Armour
 b - a +0 leather armour
 c - a +0 helmet (worn)
 m - a +0 pair of gloves (worn)
 p - a +0 ring mail (worn)
Jewellery
 g - a cursed ring of loudness (left hand)
 j - a ring of positive energy (right hand)
 k - an uncursed ring of positive energy
Scrolls
 e - 4 scrolls of identify {unknown}
 h - a scroll of remove curse {unknown}
 i - a scroll of teleportation {unknown}
 n - a scroll of fog {unknown}
 q - a scroll of fear {unknown}
Potions
 l - a potion of might {unknown}
 o - a potion of magic {unknown}
 s - a potion of berserk rage {unknown}
Comestibles
 f - a bread ration
 r - a meat ration


   Skills:
 - Level 2.0 Fighting
 * Level 3.5 Long Blades
 - Level 1.7 Throwing
 * Level 3.0 Dodging
 + Level 1.2 Stealth


You had 2 spell levels left.
You didn't know any spells.

Dungeon Overview and Level Annotations

Branches:
Dungeon (2/15)

Altars:


Innate Abilities, Weirdness & Mutations

You cannot wear boots.
Your serpentine skin is tough (AC +1).
You have supernaturally acute eyesight.
Armour fits poorly on your strangely shaped body.
Your system is resistant to poisons.
You cover ground very slowly.
You have a slow metabolism.
You can spit poison.


Message History

The gnoll is lightly wounded.
The gnoll barely misses you.
The gnoll hits you from afar with a halberd. x2
The gnoll completely misses you. The gnoll barely misses you.
The gnoll hits you but does no damage.
You barely miss the gnoll.
The gnoll hits you from afar with a halberd!
The gnoll hits you.
* * * LOW HITPOINT WARNING * * *
You are too injured to fight recklessly!
You are too injured to fight recklessly!
You are too injured to fight recklessly!
Press: ? - help, Shift-Dir - straight line, f - gnoll
Aim: a gnoll, wielding a halberd The splash of poison misses the gnoll.
The splash of poison hits the gnoll.
The gnoll is poisoned.
The gnoll is lightly wounded.
You feel slightly more hungry. The gnoll closely misses you.
The gnoll hits you from afar with a halberd!
You die...

#...# #...# #...# #### #...#
##### #...# #...###...##
.....##...##.....## ######
.....g#...#.......# #.)..#
.$...gg...'.......# #.####
.....g#@..#.......# #.#
..... #...##.....##
#.######... #...###...##
###.#....##### #...# #####
........##...###...###...##
##..[..##.....##...##.....##
##.....#.......#...#.......#
##.##.##.......†...†....[..#
##....##......†#...#.......#


You could see 2 gnolls and a goblin.

Vanquished Creatures
  A worm (D:2)
  2 dart slugs
  A giant gecko (D:1)
  2 giant cockroaches (D:1)
  5 hobgoblins
  A kobold (D:1)
  A quokka (D:2)
  A bat (D:2)
  A giant newt (D:2)
  4 goblins
  3 rats
22 creatures vanquished.

Notes
Turn   | Place    | Note
--------------------------------------------------------------
     0 | D:1      | epen the Naga Gladiator began the quest for the Orb.
     0 | D:1      | Reached XP level 1. HP: 19/19 MP: 1/1
    96 | D:1      | Reached XP level 2. HP: 21/26 MP: 2/2
   377 | D:1      | Reached skill level 1 in Stealth
  1007 | D:2      | Reached XP level 3. HP: 28/32 MP: 3/3
  1170 | D:2      | Slain by a gnoll

Vault maps used:
D:1:      lordsloth_arrival_two_stooges, amethyst_killhole
D:2:      kennysheep_six_static_rooms, ecumenical_altar_2,
          nicolae_tso_carved_into_rock

Skill      XL: |  1  2  3 |
---------------+----------+-----
Stealth        | 1 |  1.2
Dodging        | 3 |  3.0
Fighting       | |  2.0
Long Blades    | |  3.5
Throwing       | |  1.7

Action                   || total
-------------------------++-------
Melee: Long sword        ||    82
 Abil: Spit Poison       ||     1
 Stab: Distracted        ||     1
Armor: Leather armour    ||    13
       Ring mail         ||    11
Dodge: Dodged            ||    51
